 Dungeon Crawl Stone Soup version 0.29.1-4-g47bece8355 (webtiles) character file.

Game seed: 5339524509678603129

81 retardedninja the Chopper (level 4, -3/40 HPs)
             Began as a Hill Orc Fighter on Dec 8, 2022.
             Blown up by Ijyb (6 damage)
             ... with a mindburst bolt
             ... on level 3 of the Dungeon.
             The game lasted 00:02:27 (2220 turns).

retardedninja the Chopper (Hill Orc Fighter)        Turns: 2220, Time: 00:02:28

Health: -3/40      AC: 11    Str: 20    XL:     4   Next: 40%
Magic:  4/4        EV:  5    Int:  8    God:
Gold:   37         SH:  4    Dex: 10    Spells: 3/3 levels left

rFire   . . .      SeeInvis .   a - +0 war axe
rCold   . . .      Faith    .   c - +0 buckler
rNeg    . . .      Spirit   .   g - +0 plate armour
rPois   .          Reflect  .   (no helmet)
rElec   .          Harm     .   (no cloak)
rCorr   .          Rampage  .   (no gloves)
Will    .....                   (no boots)
Stlth   ..........              (no amulet)
HPRegen 0.13/turn               (no ring)
MPRegen 0.09/turn               (no ring)

@: mighty
A: no striking features
a: no special abilities


You were on level 3 of the Dungeon.
You visited 1 branch of the dungeon, and saw 3 of its levels.

You collected 37 gold pieces.

Inventory:

Hand Weapons
 a - a +0 war axe (weapon)
Armour
 c - a +0 buckler (worn)
 g - a +0 plate armour (worn)
Jewellery
 b - a +4 ring of protection
 m - a ring of see invisible
Scrolls
 f - 2 scrolls of poison {unknown}
 h - a scroll of blinking {unknown}
 i - a scroll of amnesia {unknown}
 j - 2 scrolls of teleportation {unknown}
 k - 3 scrolls of identify {unknown}
Potions
 d - a potion of might
 l - a potion of haste {unknown}


   Skills:
 + Level 4.0 Fighting
 + Level 4.2 Axes
 + Level 3.9 Armour
 + Level 0.1 Dodging
 + Level 3.9 Shields


You had 3 spell levels left.
You didn't know any spells.
Your spell library contained the following spells:

 Spells                   Type           Power      Damage    Failure   Level
 Summon Small Mammal      Summ           0%         N/A       100%        1
 Call Canine Familiar     Summ           0%         N/A       100%        3
 Summon Guardian Golem    Hex/Summ       0%         N/A       100%        3
 Monstrous Menagerie      Summ           0%         N/A       100%        7
 Summon Hydra             Summ           0%         N/A       100%        7


Dungeon Overview and Level Annotations

Branches:
Dungeon (3/15)

Altars:

Shops:
D:1 [

Annotations:
D:3 Ijyb, Sigmund


Message History

Ijyb grins evilly.
Ijyb zaps a wand.
You barely resist. You closely miss Sigmund.
Sigmund points at you and mumbles some strange words.
You resist with some effort.
You closely miss Sigmund. Sigmund casts a spell at you.
You are confused.
Sigmund barely misses you.
Unknown command.
You are too confused!
Unknown command.
You are too confused!
Unknown command.
You are too confused!
Unknown command.
You hit Ijyb.
Ijyb is lightly wounded.
You slash Sigmund! Ijyb hits you but does no damage.
Sigmund completely misses you. Ijyb hits you but does no damage.
You closely miss Ijyb.
Ijyb is lightly wounded.
You barely miss Sigmund.
Ijyb zaps a wand.
You barely resist. You hit Ijyb.
Ijyb is moderately wounded.
You closely miss Sigmund. Sigmund hits you but does no damage.
Ijyb hits you but does no damage.
Sigmund hits you from afar with a +0 scythe!
Ijyb hits you with a +0 dagger.
You feel less confused. Ijyb hits you with a +0 dagger.
You hit Ijyb.
Ijyb is moderately wounded.
Ijyb zaps a wand.
Your mind is blasted!
* * * LOW HITPOINT WARNING * * *
You block Sigmund's attack.
You slash Ijyb!
Ijyb is severely wounded.
Ijyb zaps a wand.
Your mind is blasted!
You die...

############
#..........#
#......>...#
#..........#
#####...)......#
.......=....<..#
.............#...#
........@....#...#
........g..........
........@...##...###
............# ...#
.........?..# ....
.......###### ...#
....... ..# ....>##
#####


You could see Sigmund and Ijyb.

Vanquished Creatures
  Terence (D:2)
  A gnoll (D:1)
  An adder (D:2)
  A worm (D:2)
  2 dart slugs (D:1)
  An orc (D:3)
  3 ball pythons
  4 endoplasms
  3 giant cockroaches (D:2)
  3 goblins
  3 hobgoblins
  A bat (D:2)
  A frilled lizard (D:2)
  2 kobolds
  2 rats
29 creatures vanquished.

Notes
Turn   | Place    | Note
-------+----------+-------------------------------------------
     0 | D:1      | retardedninja the Hill Orc Fighter began the quest for the
                  | Orb.
     0 | D:1      | Reached XP level 1. HP: 19/19 MP: 1/1
   130 | D:1      | Reached XP level 2. HP: 18/27 MP: 2/2
   227 | D:1      | Found Tyonlun's Armour Emporium.
   943 | D:2      | Reached XP level 3. HP: 25/33 MP: 3/3
  1136 | D:2      | Got the Writings on Generation
  1412 | D:3      | Noticed Sigmund
  1413 | D:3      | Noticed Terence
  1413 | D:3      | Noticed Ijyb
  1719 | D:2      | Killed Terence
  1720 | D:2      | Reached XP level 4. HP: 16/40 MP: 4/4
  2220 | D:3      | Blown up by Ijyb

Illustrated notes

Levels and vault maps discovered:
D:1:      grunt_arrival_crossed_arrows, layout_basic, serial_shops,
          nicolae_shop_hallway_stairs
D:2:      layout_basic
D:3:      layout_rooms, lemuel_doored_altar,
          hellmonk_ecumenical_altar_pennies_from_heaven, gup_sewer_entry_pipe,
          uniq_terence, uniq_jessica, uniq_sigmund, uniq_grinder, uniq_ijyb,
          uniq_robin, uniq_crazy_yiuf_cottage

Skill      XL: |  1  2  3 |
---------------+----------+-----
Axes           | 3 4 |  4.2
Fighting       | 4 |  4.0
Armour         | |  3.9
Dodging        | |  0.1
Shields        | |  3.9

Action                   |  1- 3 |  4- 6 || total
-------------------------+-------+-------++-------
Melee: War axe           |    82 |     8 ||    90
  Use: Potion            |     2 |     1 ||     3
Armor: Plate armour      |    49 |     5 ||    54
       Scale mail        |     1 |       ||     1
Dodge: Dodged            |    21 |     3 ||    24
Block: Buckler           |    21 |     1 ||    22
